 Dungeon Sprint DCSS version 0.30-a0-782-ge64f9170bb (webtiles) character file.

Game seed: 10570210813324990708

707 nuthulu the Grappler (level 7, -8/85 HPs)
             Began as a Troll Monk on Feb 23, 2023.
             Mangled by a wyvern (18 damage)
             ... in the Dungeon (Sprint II: "The Violet Keep of Menkaure").
             The game lasted 00:00:37 (80 turns).

nuthulu the Grappler (Troll Monk)                     Turns: 80, Time: 00:00:37

Health: -8/85      AC:  4    Str: 22    XL:     7   Next: 39%
Magic:  6/6        EV: 10    Int:  6    God:
Gold:   486        SH:  0    Dex: 12    Spells: 6/6 levels left

rFire   . . .      SeeInvis .      - Unarmed
rCold   . . .      Faith    .    (no shield)
rNeg    . . .      Spirit   .    a - +0 robe
rPois   .          Reflect  .    (helmet restricted)
rElec   .          Harm     .    (no cloak)
rCorr   .          Rampage  .    (gloves unavailable)
Will    .....      NoTele   +    (boots unavailable)
Stlth   ++                       (no amulet)
HPRegen 1.14/turn                (no ring)
MPRegen 0.10/turn                (no ring)

@: hasted, very quick
A: large, unfitting armour, claws 3, regeneration 1, shaggy fur 1, tough skin 1
a: no special abilities


You were in the Dungeon.
You visited 1 branch You collected 486 gold pieces.

Inventory:

Armour
 a - a +0 robe (worn)
Scrolls
 h - a scroll of blinking
Potions
 b - a potion of ambrosia
 c - a potion of curing
 d - a potion of heal wounds
 f - 2 potions of magic


   Skills:
 + Level 10.0 Fighting
 - Level 2.4 Dodging
 - Level 1.0 Stealth
 + Level 11.9 Unarmed Combat


You had 6 spell levels left.
You didn't know any spells.
Your spell library was empty.

Dungeon Overview and Level Annotations

Branches:
Dungeon (1/1)

Altars:

Annotations:
D exclusion: obsidian statue


Innate Abilities, Weirdness & Mutations

You are too large for most types of armour.
You have claws for hands.
Your natural rate of healing is unusually fast.
You are covered in fur. (AC +1)
You have tough skin. (AC +1)


Message History

The merfolk siren chants its luring song.
You scratch the merfolk siren but do no damage.
The merfolk siren is heavily wounded.
The merfolk siren chants its luring song.
You claw the merfolk siren!
The merfolk siren is almost dead.
The merfolk siren chants its luring song.
You mangle the merfolk siren!!
You are no longer entranced.
You kill the merfolk siren!
Your Fighting skill gained 2 levels and is now at level 9!
Your Unarmed Combat skill gained 2 levels and is now at level 11!
You have reached level 6!
You feel stronger.
You have reached level 7!
You see here a +0 trident.
You now have 486 gold pieces (gained 243).
There is an open door here.
You open the door. 2 wyverns come into view.
Found 243 gold pieces.
The wyvern hisses angrily.
There is an open door here.
The wyvern bites you!
The wyvern hisses angrily.
You see here 243 gold pieces.
You scratch the wyvern but do no damage.
The wyvern barely misses you. The wyvern bites you! x2
You closely miss the wyvern. The wyvern barely misses you.
The wyvern bites you!
Sorry, you're not good enough to have a special ability.
You feel yourself speed up. The wyvern bites you. x2
The wyvern closely misses you.
You mangle the wyvern!! You claw the wyvern.
You kill the wyvern!
The wyvern bites you!!
* * * LOW HITPOINT WARNING * * *
Your Fighting skill increases to level 10!
You closely miss the wyvern. The wyvern bites you!!
You die...

## ##
#l###.#
####@#.#
##.###'#
#...##.##
+.#.'.<.+
#.).##.##
##.###'##
####.#.##
#..#..#
##...##


You could see a wyvern.

Vanquished Creatures
  A merfolk siren (D)
  A wyvern (D)
  4 necrophages (D)
6 creatures vanquished.

Notes
Turn   | Place    | Note
-------+----------+-------------------------------------------
     0 | D        | nuthulu the Troll Monk began the quest for the Orb.
     0 | D        | Reached XP level 1. HP: 22/22 MP: 0/0
     1 | D        | Noticed a necrophage
     1 | D        | Noticed a necrophage
     1 | D        | Noticed a necrophage
     1 | D        | Noticed a necrophage
    11 | D        | Killed a necrophage
    12 | D        | Reached skill level 5 in Fighting
    12 | D        | Reached skill level 6 in Unarmed Combat
    12 | D        | Reached XP level 2. HP: 19/35 MP: 1/1
    12 | D        | Reached XP level 3. HP: 24/42 MP: 2/2
    14 | D        | Killed a necrophage
    15 | D        | Reached skill level 7 in Unarmed Combat
    15 | D        | Reached XP level 4. HP: 31/52 MP: 3/3
    16 | D        | Killed a necrophage
    17 | D        | Reached skill level 8 in Unarmed Combat
    17 | D        | Reached XP level 5. HP: 38/62 MP: 4/4
    20 | D        | Reached skill level 9 in Unarmed Combat
    44 | D        | Noticed an obsidian statue
    54 | D        | Noticed a merfolk siren
    64 | D        | Killed a merfolk siren
    65 | D        | Reached skill level 11 in Unarmed Combat
    65 | D        | Reached XP level 6. HP: 76/76 MP: 5/5
    65 | D        | Reached XP level 7. HP: 83/83 MP: 6/6
    73 | D        | Noticed a wyvern
    73 | D        | Noticed a wyvern
    79 | D        | Killed a wyvern
    80 | D        | Reached skill level 10 in Fighting
    80 | D        | Mangled by a wyvern

Illustrated notes

Levels and vault maps discovered:
D:        the_violet_keep_of_menkaure [sprint2_stairs_cluster_1,
          sprint2_shoproom, sprint2_temple, sprint2_basic_supplies,
          sprint2_obstacle_3, sprint2_obstacle_7, sprint2_obstacle_5,
          sprint2_obstacle_6, sprint2_obstacle_2, sprint2_timed_cluster_1,
          sprint2_smallroom_cluster_1, sprint2_smallroom_final_cluster_1,
          sprint2_transparent_cluster_1, sprint2_second_timed_cluster_1,
          sprint2_sniper_area_1, sprint2_heavy_combat_area_1,
          sprint2_mutation_trap_area_1, sprint2_forest_area_1,
          sprint2_light_combat_area_1, sprint2_behind_water_1,
          sprint2_near_end_vault_1]

Skill      XL: |  1  2  3  4  5  6  7 |
---------------+----------------------+-----
Fighting       | 5 6 7 9 10 | 10.0
Unarmed Combat | 6 7 8 11 | 11.9
Dodging        | |  2.4
Stealth        | |  1.0

Action                     |  1- 3 |  4- 6 |  7- 9 || total
---------------------------+-------+-------+-------++-------
  Melee: Unarmed           |    11 |    12 |     4 ||    27
         Punch             |     1 |     1 |     1 ||     3
    Use: Potion            |     1 |       |     1 ||     2
  Dodge: Dodged            |     2 |     1 |     3 ||     6

Table legend: (Time is in decaauts)
 A = Elapsed time spent in this place.
 B = Non-inter-level travel time spent in this place.
 C = Inter-level travel time spent in this place.
 D = Time resting spent in this place.
 E = Time spent auto-exploring this place.
 F = Levels seen in this place.
 G = Mean time per level.
                   A        B        C        D        E       F      G
               +--------+--------+--------+--------+--------+-----+--------+
         Total |     81 |     81 |      0 |     30 |      0 |   1 |   81.0 |
       Dungeon |     81 |     81 |      0 |     30 |      0 |   1 |   81.0 |
               +--------+--------+--------+--------+--------+-----+--------+

Top non-repeatable levels by time:
       D: 81 daAuts
